AoeStats
← Tavik

Fortress

510202915Analyzed
2v2 RM · 2d ago on Sep 29, 2026· 57m 53s· 4 players
Game mode
Random Map
Map size
Normal (6 player)
Population
200
Speed
Normal
Resources
Standard
Victory
Conquest
Starting age
Dark Age
Ending age
Imperial Age
RankedLock teamsTeams togetherTeam positionsShared explorationLock speedFull tech treeHidden civsTurbo modeCheats
Victory
Defeat
🇨🇦 Poles · Canada
1304
+15
🇧🇷 Magyars · Brazil
1289
+16
🇨🇿 Italians · Czechia
1308
-16
🇨🇿 Bengalis · Czechia
1275
-15
Fusilier649
6:44 Feudal Age
7:40 Horse Collar
11:17 Castle Age
9:33 Double-Bit Axe
12:13 Bow Saw
13:27 Husbandry
13:47 Heavy Plow
19:50 Szlachta Privileges
20:34 Wheelbarrow
19:45 Loom
19:46 Town Watch
21:04 Fortified Wall
21:00 Light Cavalry
23:42 Hand Cart
26:49 Imperial Age
24:34 Scale Mail Armor
24:38 Squires
25:44 Masonry
25:53 Chain Mail Armor
27:42 Bloodlines
28:08 Plate Mail Armor
27:02 Capped Ram
29:08 Bloodlines
29:11 Scale Barding Armor
28:50 Winged Hussar
30:18 Chain Barding Armor
29:55 Siege Ram
32:49 Forging
33:23 Conscription
32:39 Onager
35:05 Iron Casting
34:45 Siege Engineers
37:04 Chemistry
37:27 Crop Rotation
38:42 Lechitic Legacy
39:14 Ballistics
40:10 Treadmill Crane
40:05 Cavalier
40:10 Pikeman
41:53 Blast Furnace
41:43 Elite Obuch
43:14 Stone Mining
44:33 Hoardings
44:44 Bombard Tower
45:17 Herbal Medicine
45:30 Fletching
49:23 Murder Holes
50:49 Stone Shaft Mining
50:05 Gold Mining
50:28 Caravan
54:16 Sappers
54:43 Bodkin Arrow
54:38 Arson
56:45 Bracer
56:46 Padded Archer Armor
57:29 Elite Skirmisher
tiagobellodi
0:53 Loom
8:48 Feudal Age
11:19 Double-Bit Axe
11:15 Horse Collar
13:54 Castle Age
13:30 Fletching
13:49 Scale Barding Armor
13:44 Padded Archer Armor
14:02 Gold Mining
14:55 Bow Saw
16:37 Scale Barding Armor
21:02 Husbandry
23:01 Chain Barding Armor
25:09 Wheelbarrow
25:06 Heavy Plow
27:24 Hand Cart
28:14 Town Watch
32:32 Gold Shaft Mining
34:48 Imperial Age
32:57 Bodkin Arrow
33:18 Leather Archer Armor
33:26 Stone Mining
33:52 Corvinian Army
34:12 Elite Skirmisher
35:37 Ballistics
35:36 Bracer
36:39 Chemistry
35:01 Elite Magyar Huszar
36:12 Conscription
36:30 Ring Archer Armor
38:11 Plate Barding Armor
40:39 Recurve Bow
41:08 Parthian Tactics
40:49 Thumb Ring
41:26 Siege Engineers
41:32 Masonry
41:50 Heavy Cavalry Archer
48:06 Pikeman
48:48 Scale Mail Armor
48:45 Halberdier
50:57 Treadmill Crane
51:49 Chain Mail Armor
53:39 Crop Rotation
54:20 Caravan
Melioth
7:41 Feudal Age
12:37 Castle Age
11:39 Double-Bit Axe
11:49 Horse Collar
13:19 Gold Mining
14:57 Bow Saw
14:49 Heavy Plow
15:30 Loom
18:11 Forging
18:06 Scale Barding Armor
18:20 Scale Barding Armor
19:37 Iron Casting
21:25 Wheelbarrow
21:37 Wheelbarrow
22:54 Chain Barding Armor
24:21 Hand Cart
25:47 Husbandry
32:36 Imperial Age
33:55 Conscription
34:53 Two-Man Saw
34:25 Crop Rotation
35:34 Blast Furnace
36:57 Bloodlines
37:35 Plate Barding Armor
37:23 Paiks
38:32 Gold Shaft Mining
39:11 Elite Battle Elephant
39:59 Light Cavalry
40:45 Stone Mining
43:21 Mahayana
Tavik
8:58 Feudal Age
13:25 Castle Age
18:15 Imperial Age
16:06 Fletching
16:21 Horse Collar
16:33 Double-Bit Axe
17:28 Ballistics
18:17 Wheelbarrow
17:30 Loom
20:50 Bodkin Arrow
25:20 Thumb Ring
28:15 Chemistry
27:57 Bracer
29:43 Hand Cart
30:31 Padded Archer Armor
32:00 Town Watch
33:54 Bloodlines
33:44 Husbandry
33:05 Light Cavalry
35:34 Hussar
37:21 Elite Genoese Crossbowman
38:22 Conscription
39:38 Forging
39:34 Scale Barding Armor
40:28 Silk Road
41:20 Iron Casting
43:18 Chain Barding Armor
44:03 Blast Furnace
43:49 Hoardings
44:05 Cavalier
47:04 Plate Barding Armor
46:45 Leather Archer Armor
51:43 Capped Ram
Connection lost

Rejoining the realm…

Still unreachable

The connection could not be restored.

Session expired

The server has moved on; the page needs a fresh start.